 Dungeon Crawl Stone Soup version 0.29-a0-307-gecccbbdb84 (webtiles) character file.

Game seed: 15361990216533922446

1518 Murumi the Shield-Bearer (level 9, -2/69 HPs)
             Began as a Formicid Fighter on Mar 27, 2022.
             Was a Believer of Cheibriados.
             Slain by a two-headed ogre
             ... wielding a +0 giant spiked club
              (21 damage)
             ... on level 5 of the Dungeon.
             The game lasted 00:19:17 (7491 turns).

Murumi the Shield-Bearer (Formicid Fighter)         Turns: 7491, Time: 00:19:18

Health: -2/69      AC: 20    Str: 26    XL:     9   Next: 9%
Magic:  0/11       EV:  7    Int: 17    God:    Cheibriados [**....]
Gold:   142        SH:  6    Dex: 15    Spells: 8/8 levels left

rFire   . . .      SeeInvis +   r - +2 whip (flame)
rCold   . . .      Faith    .   c - +0 buckler
rNeg    . . .      Spirit   +   g - +0 plate armour
rPois   +          Reflect  .   (helmet unavailable)
rElec   .          Harm     .   n - +2 cloak {rPois}
rCorr   .          Rampage  .   d - +0 pair of gloves
Will    .....                   b - +2 pair of boots
Stlth   ..........              j - amulet of guardian spirit
HPRegen 0.21/turn               (no ring)
MPRegen 0.12/turn               (no ring)

@: very slow
A: permanent stasis, dig shafts and tunnels, antennae 3, four strong arms
a: Dig, Shaft Self, Renounce Religion, Bend Time


You were on level 5 of the Dungeon.
You worshipped Cheibriados.
Cheibriados was pleased with you.
You visited 2 branches of the dungeon, and saw 6 of its levels.
You also visited: Sewer.

You collected 268 gold pieces.
You spent 126 gold pieces at shops.

Inventory:

Hand Weapons
 a - a +0 flail
 r - a +2 whip of flaming (weapon)
Armour
 b - a +2 pair of boots (worn)
 c - a +0 buckler (worn)
 d - a +0 pair of gloves (worn)
 g - a +0 plate armour (worn)
 n - a +2 cloak of poison resistance (worn)
Jewellery
 j - an amulet of guardian spirit (around neck)
Wands
 l - a wand of paralysis (5)
 m - a wand of iceblast (4)
Scrolls
 e - a scroll of magic mapping
Potions
 f - 2 potions of cancellation
 h - a potion of flight
 i - 3 potions of curing
 o - 2 potions of attraction


   Skills:
 - Level 6.0 Fighting
 - Level 5.0 Maces & Flails
 + Level 5.7 Armour
 - Level 2.0 Dodging
 - Level 4.0 Stealth
 - Level 7.0 Shields
 - Level 3.0 Invocations
 - Level 2.0 Evocations


You had 8 spell levels left.
You didn't know any spells.
Your spell library contained the following spells:

 Spells                   Type           Power      Damage    Failure   Level
 Shock                    Conj/Air       0%         1d3       98%         1
 Airstrike                Air            0%         N/A       100%        4
 Swiftness                Air            Unusable   N/A       N/A         3

Dungeon Overview and Level Annotations

Branches:
Dungeon (5/15)             Temple (1/1) D:4           Sewer (visited)

Altars:
Ashenzari
Cheibriados
Dithmenos
Elyvilon
Gozag
Makhleb
Okawaru
Qazlal
Ru
Sif Muna
Trog
Uskayaw
Vehumet
Wu Jian
Xom
Yredelemnul
The Shining One

Shops:
D:2 *


Innate Abilities, Weirdness & Mutations

You cannot be hasted, slowed, berserked, paralysed or teleported.
You can dig through walls and to a lower floor.
You have a pair of large antennae on your head. (SInv)
Your four strong arms can wield two-handed weapons with a shield.


Message History

You barely miss the ufetubus. The ufetubus closely misses you.
You block the ufetubus's attack. The ufetubus barely misses you.
The ufetubus hits you.
You hit the ufetubus. You burn the ufetubus.
You kill the ufetubus!
Cheibriados thoroughly appreciates the change of pace.
No target in view!
You see here a worm corpse.
e - a scroll of magic mapping A two-headed ogre is nearby!
The two-headed ogre shouts in stereo!
You hear a shout!
Okay, then.
An orc comes into view. It is wielding a +0 falchion.
The two-headed ogre attacks as you move away!
The two-headed ogre closely misses you. The two-headed ogre barely misses you.
You hit the two-headed ogre. You burn the two-headed ogre.
The two-headed ogre is lightly wounded.
The two-headed ogre barely misses you.
The two-headed ogre hits you with a +0 giant spiked club!
You hit the two-headed ogre. You burn the two-headed ogre.
The two-headed ogre is lightly wounded.
The two-headed ogre hits you with a +0 giant spiked club.
The two-headed ogre hits you but does no damage.
You hit the two-headed ogre but do no damage.
The two-headed ogre is lightly wounded.
You hit the two-headed ogre but do no damage.
The two-headed ogre is lightly wounded.
The two-headed ogre hits you with a +0 giant spiked club!
The two-headed ogre hits you but does no damage.
You hit the two-headed ogre. You burn the two-headed ogre.
The two-headed ogre is moderately wounded.
The two-headed ogre barely misses you. x2
You hit the two-headed ogre but do no damage.
The two-headed ogre is moderately wounded.
You hit the two-headed ogre. You burn the two-headed ogre.
The two-headed ogre is moderately wounded.
The two-headed ogre hits you with a +0 giant spiked club!!
* * * LOW HITPOINT WARNING * * *
The two-headed ogre hits you with a +0 giant spiked club!!
You die...

......# ##........#..##
.......#............#
.............##.....#
....#.#......####..##
......####........#
......####....##..######
........####..###...##.## ...
#...###..## #.÷.##..## ..
###oO@...#####.......#
.####################..##........
.#...............................
.#..#...#...#...#...#..##.##.#...
.#_...................>####..#...
.#(.#...#...#...#...##..#........
.#......†........†...#.....#.##..
.#####################.....#.#...
...# ............#.....


You could see a two-headed ogre and an orc.

Vanquished Creatures
  Duvessa (D:5)
  A black bear (D:4)
  An ogre (D:4)
  Pargi (Sewer)
  The ghost of paps the Cudgeller, an amateur DsGl (D:3)
  A centaur (D:5)
  2 phantoms
  A necrophage (D:5)
  3 scorpions
  Dowan (D:5)
  3 hounds
  Crazy Yiuf (D:3)
  A jelly (D:5)
  An orc priest (D:4)
  2 iguanas (D:5)
  Natasha (thrice) (D:2)
  2 orc wizards (D:4)
  3 gnolls (D:5)
  10 adders
  A shadow imp (D:4)
  An ufetubus (D:5)
  A worm (D:5)
  A dart slug (D:1)
  14 orcs
  6 endoplasms
  7 giant cockroaches
  7 goblins
  5 hobgoblins
  6 kobolds
  4 quokkas
  5 ball pythons
  3 bats (D:1)
  2 frilled lizards
  3 rats
105 creatures vanquished.

Vanquished Creatures (others)
  2 withered plants (D:3)
2 creatures vanquished.

Grand Total: 107 creatures vanquished

Notes
Turn   | Place    | Note
-------+----------+-------------------------------------------
     0 | D:1      | Murumi the Formicid Fighter began the quest for the Orb.
     0 | D:1      | Reached XP level 1. HP: 18/18 MP: 1/1
    55 | D:1      | Reached skill level 4 in Shields
   129 | D:1      | Reached XP level 2. HP: 24/24 MP: 2/2
   628 | D:1      | Reached XP level 3. HP: 19/30 MP: 3/3
  1016 | D:2      | Found Sipsagyc's General Store.
  1559 | D:2      | Reached skill level 1 in Stealth
  1636 | D:2      | Noticed Natasha
  1652 | D:2      | Killed Natasha
  1653 | D:2      | Reached skill level 1 in Dodging
  1653 | D:2      | Reached XP level 4. HP: 15/37 MP: 1/4
  2162 | D:2      | Noticed Natasha
  2172 | D:2      | Killed Natasha
  2173 | D:2      | Reached XP level 5. HP: 22/42 MP: 3/5
  2350 | D:2      | Found Sipsagyc's General Store.
  2386 | D:2      | Noticed Natasha
  2412 | D:2      | Killed Natasha
  2757 | D:2      | Bought a +1 pair of boots for 126 gold pieces
  2790 | D:3      | Found a sacrificial altar of Ru.
  2889 | D:3      | Identified the +1 hunting sling "Transmigrator" {venom,
                  | Str+2 Int+2}
  3051 | D:3      | Found a shadowy altar of Dithmenos.
  3109 | D:3      | Found a runed translucent door.
  3111 | D:3      | Noticed paps's ghost (amateur DsGl)
  3238 | D:3      | Found a runed translucent door.
  3239 | D:3      | Noticed Crazy Yiuf
  3397 | D:3      | Reached skill level 5 in Shields
  3530 | D:3      | Found a faded altar of an unknown god.
  3538 | D:3      | Prayed at the altar of an unknown god.
  3538 | D:3      | Became a worshipper of Cheibriados the Contemplative
  3538 | D:3      | Reached * piety under Cheibriados
  3762 | D:3      | Killed paps's ghost
  3763 | D:3      | Reached skill level 1 in Invocations
  3763 | D:3      | Reached XP level 6. HP: 29/48 MP: 3/7
  3958 | D:3      | Killed Crazy Yiuf
  4163 | D:4      | Found a staircase to the Ecumenical Temple.
  4238 | D:4      | Noticed a black bear
  4267 | D:4      | Killed a black bear
  4268 | D:4      | Reached skill level 1 in Evocations
  4268 | D:4      | Reached XP level 7. HP: 8/54 MP: 1/8
  4353 | D:4      | Found a glowing drain.
  4401 | Sewer    | Entered a sewer
  4646 | Sewer    | Noticed Pargi
  4672 | Sewer    | Killed Pargi
  4673 | Sewer    | Reached skill level 5 in Fighting
  4843 | D:4      | Reached skill level 5 in Armour
  4916 | D:4      | Reached XP level 8. HP: 42/62 MP: 6/9
  5093 | D:4      | Reached skill level 6 in Shields
  6006 | D:5      | Entered Level 5 of the Dungeon
  6006 | D:5      | Noticed a two-headed ogre
  6025 | D:4      | Reached skill level 7 in Shields
  6082 | D:5      | Reached ** piety under Cheibriados
  6153 | Temple   | Entered the Ecumenical Temple
  6627 | D:5      | Noticed Duvessa
  6629 | D:5      | Noticed Dowan
  6662 | D:5      | Killed Duvessa
  6694 | D:5      | Killed Dowan
  7054 | D:5      | Reached skill level 5 in Maces & Flails
  7054 | D:5      | Reached XP level 9. HP: 34/69 MP: 9/11
  7380 | D:5      | Found a shimmering blue altar of Sif Muna.
  7491 | D:5      | Slain by a two-headed ogre

Illustrated notes

Levels and vault maps discovered:
D:1:      dpeg_arrival_rooms_with_view, layout_basic
D:2:      layout_loops_corners, serial_shops, shop, uniq_natasha
D:3:      layout_loops_ring, nicolae_dithmenos_the_darkroom,
          nicolae_ru_awakened_eye, gammafunk_ghost_grave,
          hellmonk_ecumenical_altar_zigzags, uniq_crazy_yiuf_cottage
D:4:      layout_loops_cross, minmay_temple_entry_trees, portal_sewer_entry_f,
          chequers_jeans
D:5:      layout_cave_pools, lemuel_coloured_pillars_altar,
          mainiacjoe_overflow_six_doors_small, serial_shops, shop,
          gammafunk_ghost_necromancy, uniq_duvessa
Temple:   minmay_temple_curvy_branch

Skill      XL: |  1  2  3  4  5  6  7  8 |
---------------+-------------------------+-----
Shields        | 4 5 7 |  7.0
Fighting       | 4 5 6 |  6.0
Armour         | 4 5 |  5.7
Stealth        | 1 2 3 4 |  4.0
Dodging        | 1 2 |  2.0
Maces & Flails | 3 4 5 |  5.0
Invocations    | 2 3 |  3.0
Evocations     | 1 2 |  2.0

Action                   |  1- 3 |  4- 6 |  7- 9 || total
-------------------------+-------+-------+-------++-------
Melee: Flail             |    10 |       |       ||    10
       Whip              |   112 |   227 |   380 ||   719
Invok: Bend Time         |       |     2 |       ||     2
 Abil: Dig               |       |       |     2 ||     2
  Use: Scroll            |     7 |       |     6 ||    13
       Potion            |     1 |     2 |       ||     3
Armor: Scale mail        |    63 |       |       ||    63
       Chain mail        |       |    97 |    13 ||   110
       Plate armour      |       |       |   195 ||   195
Dodge: Dodged            |    46 |    64 |    97 ||   207
Block: Buckler           |    20 |    39 |    85 ||   144

Table legend: (Time is in decaauts)
 A = Elapsed time spent in this place.
 B = Non-inter-level travel time spent in this place.
 C = Inter-level travel time spent in this place.
 D = Time resting spent in this place.
 E = Time spent auto-exploring this place.
 F = Levels seen in this place.
 G = Mean time per level.
                   A        B        C        D        E       F      G
               +--------+--------+--------+--------+--------+-----+--------+
         Total |   8199 |   7676 |    523 |     11 |   6266 |   7 | 1171.3 |
       Dungeon |   7409 |   6892 |    517 |     11 |   5568 |   5 | 1481.8 |
        Temple |    353 |    347 |      6 |      0 |    343 |   1 |  353.0 |
         Sewer |    437 |    437 |      0 |      0 |    353 |   1 |  437.0 |
               +--------+--------+--------+--------+--------+-----+--------+

Top non-repeatable levels by time:
     D:4: 1895 daAuts
     D:3: 1729 daAuts
     D:2: 1569 daAuts
     D:5: 1140 daAuts
     D:1: 1074 daAuts
   Sewer: 437 daAuts
  Temple: 353 daAuts
